SOB
DURANGO DESERT DOGS @ PORT-AU-PRINCE PIRATES
12/09/1981
 
TOP OF THE 1ST
Durango Desert Dogs batting - Pitching for Port-au-Prince Pirates : LHP Ron Jensen
Pitching: LHP Ron Jensen
Batting: LHB Chris Stropolo 0-0: Foul Ball, location: 2F
0-1: Ball
1-1: Ball
2-1: Bunt missed!
2-2: Strikes out swinging
Batting: RHB Nick Capra 0-0: Ball
1-0: Called Strike
1-1: SINGLE (Line Drive, 6D, EV 106.3 MPH)
Batting: SHB Tony Phillips 0-0: Ball
1-0: Ball
2-0: Called Strike
2-1: SINGLE (Line Drive, 9S, EV 94.4 MPH)
Nick Capra to second
Runner from 2nd tries for 3rd, SAFE, throw by RF made to third
Batting: LHB Greg Brock 0-0: Ball
1-0: Reached on error, E4 (Groundball, 4, EV 101.3 MPH)
Nick Capra scores
Tony Phillips to second
Batting: RHB Rusty Tillman 0-0: Ball
1-0: Single, Error in OF, E9, batter to second base (Line Drive, 89S, EV 101.9 MPH)
Tony Phillips scores
Greg Brock to third
Batting: LHB Dan Graham 0-0: Ground out U3 (Groundball, 3, EV 83.8 MPH)
Batting: SHB Dale Sveum 0-0: Ball
1-0: Called Strike
1-1: Ball
2-1: Fly out, F8 (Flyball, 8LD, EV 88.8 MPH)
Top of the 1st over - 2 runs, 3 hits, 2 errors, 2 left on base; Durango 2 - Port-au-Prince 0
BOTTOM OF THE 1ST
Port-au-Prince Pirates batting - Pitching for Durango Desert Dogs : LHP Danny Jackson
Pitching: LHP Danny Jackson
Batting: RHB Robert Duran 0-0: Ball
1-0: Foul Ball, location: 2F
1-1: Ball
2-1: Foul Ball, location: 2F
2-2: Foul Ball, location: 2F
2-2: Ball
3-2: Foul Ball, location: 2F
3-2: Base on Balls
Batting: LHB John Edmonds 0-0: Called Strike
0-1: Called Strike
0-2: Ball
1-2: Strikes out swinging
Batting: RHB Bobby Miscik 0-0: Called Strike
0-1: Foul Ball, location: 2F
0-2: Ball
1-2: Foul Ball, location: 2F
1-2: SINGLE (Flyball, 5D, EV 90.0 MPH)
Robert Duran to second
Batting: RHB Dennis Tiefenthaler 0-0: Called Strike
Robert Duran steals 3rd base
Bobby Miscik to second
0-1: Ball
1-1: Swinging Strike
1-2: Foul Ball, location: 2F
1-2: Strikes out swinging
Batting: RHB Ronald Carapezzi 0-0: Called Strike
0-1: Foul Ball, location: 2F
0-2: Ball
1-2: Strikes out swinging
Bottom of the 1st over - 0 runs, 1 hit, 0 errors, 2 left on base; Durango 2 - Port-au-Prince 0
TOP OF THE 2ND
Durango Desert Dogs batting - Pitching for Port-au-Prince Pirates : LHP Ron Jensen
Batting: SHB Raul Gonzalez 0-0: Called Strike
0-1: Ball
1-1: Ball
2-1: Ball
3-1: Base on Balls
Batting: RHB Greg Tabor 0-0: Called Strike
0-1: SINGLE (Line Drive, 8LS, EV 110.0 MPH)
Raul Gonzalez to second
Batting: LHB Chris Stropolo 0-0: Ball
1-0: Ball
2-0: Called Strike
2-1: Fielders Choice at 2nd, 1-6 (Groundball, 34S, EV 66.3 MPH)
Raul Gonzalez to third
Batting: RHB Nick Capra 0-0: Called Strike
Chris Stropolo steals 2nd base
0-1: Called Strike
0-2: SINGLE (Line Drive, 89S, EV 108.8 MPH)
Raul Gonzalez scores
Chris Stropolo to third
Runner from 3rd tries for Home, SAFE, throw by RF to home
Batting: SHB Tony Phillips 0-0: Ball
1-0: Ball
2-0: Ball
3-0: Base on Balls
Nick Capra to second
Batting: LHB Greg Brock 0-0: Ball
1-0: SINGLE (Groundball, 4MD, EV 108.8 MPH)
Nick Capra to third
Tony Phillips to second
Runner from 3rd tries for Home, SAFE, throw by CF to home
Pitching: LHP Daniel Brown
Batting: RHB Rusty Tillman 0-0: Ball
1-0: Fly out, F6 (Popup, 6D, EV 56.3 MPH)
Batting: LHB Dan Graham 0-0: Ball
1-0: Ball
2-0: Ball
3-0: Called Strike
3-1: Foul Ball, location: 2F
3-2: Foul Ball, location: 2F
3-2: Base on Balls
Tony Phillips to third
Greg Brock to second
Batting: SHB Dale Sveum 0-0: Called Strike
0-1: Ball
1-1: Foul Ball, location: 2F
1-2: Ball
2-2: Foul Ball, location: 2F
2-2: Strikes out looking
Top of the 2nd over - 3 runs, 3 hits, 0 errors, 3 left on base; Durango 5 - Port-au-Prince 0
BOTTOM OF THE 2ND
Port-au-Prince Pirates batting - Pitching for Durango Desert Dogs : LHP Danny Jackson
Batting: RHB Byron Peyton 0-0: Ball
1-0: Ball
2-0: Ball
3-0: Base on Balls
Batting: SHB Michael Kennedy 0-0: Ball
1-0: Ball
2-0: Swinging Strike
2-1: Ball
3-1: Base on Balls
Byron Peyton to second
Batting: RHB Augie Schmidt 0-0: Ball
1-0: Called Strike
1-1: Foul Ball, location: 2F
1-2: Ball
2-2: Foul Ball, location: 2F
2-2: Foul Ball, location: 2F
2-2: Ball
3-2: Base on Balls
Byron Peyton to third
Michael Kennedy to second
Batting: RHB Gerry Melillo 0-0: Foul Ball, location: 2F
0-1: Ball
1-1: SINGLE (Line Drive, 56D, EV 93.8 MPH)
Byron Peyton scores
Michael Kennedy to third
Augie Schmidt to second
Batting: RHB Robert Duran 0-0: Ball
1-0: Ball
2-0: Ball
3-0: Base on Balls
Michael Kennedy scores
Augie Schmidt to third
Gerry Melillo to second
Batting: LHB John Edmonds 0-0: Ball
1-0: Ball
2-0: Ball
3-0: Called Strike
3-1: SINGLE (Groundball, 6D, EV 96.9 MPH)
Augie Schmidt scores
Gerry Melillo to third
Robert Duran to second
Runner from 3rd tries for Home, SAFE, throw by LF to home
Batting: RHB Bobby Miscik 0-0: Ball
1-0: Ground out 6-3 (Groundball, P, EV 85.0 MPH)
Robert Duran to third
John Edmonds to second
Batting: RHB Dennis Tiefenthaler 0-0: Ball
1-0: Foul Ball, location: 2F
1-1: SINGLE (Groundball, 6MD, EV 95.0 MPH)
Robert Duran scores
John Edmonds to third
Runner from 3rd tries for Home, SAFE, throw by CF to home
Pitching: RHP William Bellomo
Batting: RHB Ronald Carapezzi 0-0: SINGLE (Line Drive, 56D, EV 96.3 MPH)
Dennis Tiefenthaler to second
Batting: RHB Byron Peyton 0-0: Called Strike
0-1: Called Strike
0-2: Ball
1-2: Grounds into double play, 4-6-3 (Groundball, 4, EV 108.1 MPH)
Bottom of the 2nd over - 6 runs, 4 hits, 0 errors, 1 left on base; Durango 5 - Port-au-Prince 6
TOP OF THE 3RD
Durango Desert Dogs batting - Pitching for Port-au-Prince Pirates : LHP Daniel Brown
Batting: SHB Raul Gonzalez 0-0: Ball
1-0: Ball
2-0: Ball
3-0: Base on Balls
Batting: RHB Greg Tabor 0-0: Ball
1-0: Ball
2-0: Fielders Choice at 2nd, 5-4 (Groundball, 56S, EV 83.1 MPH)
Batting: LHB Chris Stropolo 0-0: Ball
1-0: Foul Ball, location: 2F
1-1: Ball
2-1: Swinging Strike
2-2: SINGLE (Line Drive, 4D, EV 103.1 MPH)
Greg Tabor to second
Runner from 2nd tries for 3rd, SAFE, throw by CF made to third
Batting: RHB Nick Capra 0-0: Ball
Chris Stropolo steals 2nd base
1-0: Called Strike
1-1: Fly out, F7 (Flyball, 78M, EV 73.8 MPH)
Runner from 3rd tags up, SCORES, no throw by LF
Batting: SHB Tony Phillips 0-0: Swinging Strike
0-1: SINGLE (Groundball, 56D, EV 105.6 MPH)
Chris Stropolo to third
Runner from 3rd tries for Home, SAFE, throw by LF to home
Batting: LHB Greg Brock 0-0: Called Strike
0-1: Foul Ball, location: 2F
0-2: Ball
1-2: Ball
2-2: Ball
3-2: Fly out, F7 (Flyball, 78S, EV 98.1 MPH)
Top of the 3rd over - 2 runs, 2 hits, 0 errors, 1 left on base; Durango 7 - Port-au-Prince 6
BOTTOM OF THE 3RD
Port-au-Prince Pirates batting - Pitching for Durango Desert Dogs : RHP William Bellomo
Batting: SHB Michael Kennedy 0-0: Called Strike
0-1: Swinging Strike
0-2: Strikes out swinging
Batting: RHB Augie Schmidt 0-0: Ball
1-0: Ball
2-0: Ground out U3 (Groundball, 34S, EV 70.6 MPH)
Batting: RHB Gerry Melillo 0-0: Called Strike
0-1: Foul Ball, location: 2F
0-2: Ground out 6-3 (Groundball, 6, EV 91.9 MPH)
Bottom of the 3rd over - 0 runs, 0 hits, 0 errors, 0 left on base; Durango 7 - Port-au-Prince 6
TOP OF THE 4TH
Durango Desert Dogs batting - Pitching for Port-au-Prince Pirates : LHP Daniel Brown
Batting: RHB Rusty Tillman 0-0: SINGLE (Flyball, 89S, EV 93.1 MPH)
Batting: LHB Dan Graham 0-0: Ball
1-0: Ball
2-0: SINGLE (Line Drive, 7S, EV 108.8 MPH)
Rusty Tillman to second
Pitching: RHP Rafael Camarena
Batting: SHB Dale Sveum 0-0: Foul Ball, location: 2F
0-1: Ball
1-1: Grounds into double play, 6-4-3 (Groundball, 6, EV 100.6 MPH)
Rusty Tillman to third
Batting: SHB Raul Gonzalez 0-0: Called Strike
0-1: Ball
1-1: Ball
2-1: Ball
3-1: Foul Ball, location: 2F
3-2: Base on Balls
Batting: RHB Greg Tabor 0-0: Ball
1-0: Called Strike
Raul Gonzalez steals 2nd base
1-1: Ground out 6-3 (Groundball, 6, EV 104.4 MPH)
Top of the 4th over - 0 runs, 2 hits, 0 errors, 2 left on base; Durango 7 - Port-au-Prince 6
BOTTOM OF THE 4TH
Port-au-Prince Pirates batting - Pitching for Durango Desert Dogs : RHP William Bellomo
Batting: RHB Robert Duran 0-0: Ball
1-0: Ball
2-0: Fly out, F4 (Line Drive, 4, EV 68.8 MPH)
Batting: LHB John Edmonds 0-0: Called Strike
0-1: Ball
1-1: Foul Ball, location: 2F
1-2: Ball
2-2: Foul Ball, location: 2F
2-2: Strikes out swinging
Batting: RHB Bobby Miscik 0-0: Called Strike
0-1: Ball
1-1: Ground out 6-3 (Groundball, 6, EV 89.4 MPH)
Bottom of the 4th over - 0 runs, 0 hits, 0 errors, 0 left on base; Durango 7 - Port-au-Prince 6
TOP OF THE 5TH
Durango Desert Dogs batting - Pitching for Port-au-Prince Pirates : RHP Rafael Camarena
Batting: LHB Chris Stropolo 0-0: Ball
1-0: Ball
2-0: Ball
3-0: Called Strike
3-1: SINGLE (Groundball, 25, EV 76.3 MPH) (infield hit)
Batting: RHB Nick Capra 0-0: Ball
Chris Stropolo steals 2nd base
1-0: Fly out, F7 (Flyball, 7, EV 95.6 MPH)
Runner from 2nd tags up, SAFE at 3rd with throw by LF
Batting: SHB Tony Phillips 0-0: Foul Ball, location: 2F
0-1: Called Strike
0-2: SINGLE (Flyball, 7LS, EV 97.5 MPH) - OUT at second base trying to stretch hit.
Chris Stropolo scores
Batting: LHB Greg Brock 0-0: Ball
1-0: Called Strike
1-1: Foul Ball, location: 2F
1-2: Ball
2-2: Ball
3-2: Base on Balls
Batting: RHB Rusty Tillman 0-0: Ball
1-0: Ball
2-0: Called Strike
2-1: Fly out, F7 (Flyball, 78M, EV 92.5 MPH)
Top of the 5th over - 1 run, 2 hits, 0 errors, 1 left on base; Durango 8 - Port-au-Prince 6
BOTTOM OF THE 5TH
Port-au-Prince Pirates batting - Pitching for Durango Desert Dogs : RHP William Bellomo
Batting: RHB Dennis Tiefenthaler 0-0: Ball
1-0: Called Strike
1-1: Swinging Strike
1-2: Fly out, F8 (Line Drive, 8LM, EV 110.0 MPH)
Batting: RHB Ronald Carapezzi 0-0: Ball
1-0: Foul Ball, location: 2F
1-1: Swinging Strike
1-2: Ball
2-2: SINGLE (Line Drive, 6D, EV 99.4 MPH)
Batting: RHB Byron Peyton 0-0: Ball
1-0: Reached on error, E1 (Groundball, 13S, EV 66.9 MPH)
Ronald Carapezzi to second
Batting: SHB Michael Kennedy 0-0: Called Strike
0-1: SINGLE (Groundball, 3D, EV 102.5 MPH)
Ronald Carapezzi to third
Byron Peyton to second
Runner from 3rd tries for Home, throw by RF and OUT! 9-2
Batting: RHB Augie Schmidt 0-0: Ball
1-0: Ball
2-0: Called Strike
2-1: Called Strike
2-2: Fielders Choice at 2nd, 6-4 (Groundball, 6, EV 107.5 MPH)
Bottom of the 5th over - 0 runs, 2 hits, 1 error, 2 left on base; Durango 8 - Port-au-Prince 6
TOP OF THE 6TH
Durango Desert Dogs batting - Pitching for Port-au-Prince Pirates : RHP Rafael Camarena
Batting: LHB Dan Graham 0-0: Ground out 4-3 (Groundball, 4, EV 81.9 MPH)
Batting: SHB Dale Sveum 0-0: Ball
1-0: Swinging Strike
1-1: Ball
2-1: Ball
3-1: Foul Ball, location: 2F
3-2: Foul Ball, location: 2F
3-2: Foul Ball, location: 2F
3-2: Foul Ball, location: 2F
3-2: Base on Balls
Pitching: RHP Michael Morrissey
Batting: SHB Raul Gonzalez 0-0: Ball
1-0: Ball
2-0: Ball
3-0: Base on Balls
Dale Sveum to second
Batting: RHB Greg Tabor 0-0: Ball
1-0: Swinging Strike
1-1: Foul Ball, location: 2F
1-2: SINGLE (Line Drive, 6MD, EV 97.5 MPH)
Dale Sveum to third
Raul Gonzalez to second
Runner from 3rd tries for Home, SAFE, throw by CF to home
Batting: LHB Chris Stropolo 0-0: Called Strike
0-1: Foul Ball, location: 2F
0-2: Fielders Choice at 2nd, 3-6 (Groundball, 3S, EV 82.5 MPH)
Raul Gonzalez to third
Batting: RHB Nick Capra 0-0: Ground out 1-3 (Groundball, 34S, EV 70.0 MPH)
Top of the 6th over - 1 run, 1 hit, 0 errors, 2 left on base; Durango 9 - Port-au-Prince 6
BOTTOM OF THE 6TH
Port-au-Prince Pirates batting - Pitching for Durango Desert Dogs : RHP William Bellomo
Batting: RHB Gerry Melillo 0-0: Ball
1-0: Foul Ball, location: 2F
1-1: Fly out, F7 (Flyball, 78S, EV 85.0 MPH)
Batting: RHB Robert Duran 0-0: Ball
1-0: Ball
2-0: Ball
3-0: Called Strike
3-1: Foul Ball, location: 2F
3-2: Foul Ball, location: 2F
3-2: Base on Balls
Pitching: RHP William Bates
Batting: LHB John Edmonds 0-0: Ball
Robert Duran steals 2nd base
1-0: Called Strike
1-1: Fly out, F8 (Line Drive, 8LM, EV 96.3 MPH)
Batting: RHB Bobby Miscik 0-0: Ball
1-0: Swinging Strike
1-1: Ball
2-1: Swinging Strike
2-2: Ball
3-2: Base on Balls
Batting: RHB Dennis Tiefenthaler 0-0: Ball
1-0: Called Strike
1-1: Ball
2-1: Ball
3-1: Called Strike
3-2: Base on Balls
Robert Duran to third
Bobby Miscik to second
Batting: RHB Ronald Carapezzi 0-0: Called Strike
0-1: Ball
1-1: Ball
2-1: Foul Ball, location: 2F
2-2: Ball
3-2: Foul Ball, location: 2F
3-2: Base on Balls
Robert Duran scores
Bobby Miscik to third
Dennis Tiefenthaler to second
Batting: RHB Byron Peyton 0-0: Called Strike
0-1: Ball
1-1: Foul Ball, location: 2F
1-2: Ground out 6-3 (Groundball, 6M, EV 98.1 MPH)
Bottom of the 6th over - 1 run, 0 hits, 0 errors, 3 left on base; Durango 9 - Port-au-Prince 7
TOP OF THE 7TH
Durango Desert Dogs batting - Pitching for Port-au-Prince Pirates : RHP Michael Morrissey
Batting: SHB Tony Phillips 0-0: Called Strike
0-1: Ball
1-1: Foul Ball, location: 2F
1-2: Foul Ball, location: 2F
1-2: Ball
2-2: Ball
3-2: Base on Balls
Batting: LHB Greg Brock 0-0: Ball
1-0: Called Strike
1-1: Foul Ball, location: 2F
1-2: DOUBLE (Line Drive, 3D, EV 104.4 MPH)
Tony Phillips to third
Batting: RHB Rusty Tillman 0-0: Swinging Strike
0-1: Called Strike
0-2: Ground out 4-3 (Groundball, 4, EV 82.5 MPH)
Tony Phillips scores
Greg Brock to third
Batting: LHB Dan Graham 0-0: Intentional Walk
Batting: SHB Dale Sveum 0-0: SINGLE (Line Drive, 4D, EV 107.5 MPH)
Greg Brock scores
Dan Graham to second
Batting: SHB Raul Gonzalez 0-0: Ball
1-0: Ball
2-0: Ball
3-0: Base on Balls
Dan Graham to third
Dale Sveum to second
Batting: RHB Greg Tabor 0-0: Called Strike
0-1: Ball
1-1: Fly out, F5 (Line Drive, 5, EV 66.3 MPH)
Batting: LHB Chris Stropolo 0-0: Called Strike
0-1: Foul Ball, location: 2F
0-2: Strikes out looking
Top of the 7th over - 2 runs, 2 hits, 0 errors, 3 left on base; Durango 11 - Port-au-Prince 7
BOTTOM OF THE 7TH
Port-au-Prince Pirates batting - Pitching for Durango Desert Dogs : RHP William Bates
Batting: SHB Michael Kennedy 0-0: Called Strike
0-1: Foul Ball, location: 2F
0-2: Strikes out looking
Batting: RHB Augie Schmidt 0-0: Ball
1-0: Foul Ball, location: 2F
1-1: Ball
2-1: Foul Ball, location: 2F
2-2: Fly out, F7 (Flyball, 7S, EV 92.5 MPH)
Batting: RHB Gerry Melillo 0-0: Ball
1-0: Called Strike
1-1: Swinging Strike
1-2: Strikes out swinging
Bottom of the 7th over - 0 runs, 0 hits, 0 errors, 0 left on base; Durango 11 - Port-au-Prince 7
TOP OF THE 8TH
Durango Desert Dogs batting - Pitching for Port-au-Prince Pirates : RHP Michael Morrissey
Pitching: RHP Scott Farmer
Batting: RHB Nick Capra 0-0: Ball
1-0: Ball
2-0: Foul Ball, location: 2F
2-1: Ball
3-1: Swinging Strike
3-2: Fly out, F7 (Flyball, 7, EV 88.1 MPH)
Batting: SHB Tony Phillips 0-0: Ball
1-0: Ball
2-0: Called Strike
2-1: Ball
3-1: Foul Ball, location: 2F
3-2: Strikes out swinging
Batting: LHB Greg Brock 0-0: Called Strike
0-1: Ball
1-1: Ball
2-1: Foul Ball, location: 2F
2-2: Ball
3-2: Base on Balls
Batting: RHB Rusty Tillman 0-0: Ground out 4-3 (Groundball, 4, EV 90.0 MPH)
Top of the 8th over - 0 runs, 0 hits, 0 errors, 1 left on base; Durango 11 - Port-au-Prince 7
BOTTOM OF THE 8TH
Port-au-Prince Pirates batting - Pitching for Durango Desert Dogs : RHP William Bates
Batting: RHB Robert Duran 0-0: Called Strike
0-1: Called Strike
0-2: Ball
1-2: Foul Ball, location: 2F
1-2: Strikes out swinging
Batting: LHB John Edmonds 0-0: Ball
1-0: Foul Ball, location: 2F
1-1: Ball
2-1: Fly out, F8 (Flyball, 8LD, EV 101.3 MPH)
Batting: RHB Bobby Miscik 0-0: Ball
1-0: Foul Ball, location: 2F
1-1: Ball
2-1: Ball
3-1: Foul Ball, location: 2F
3-2: Base on Balls
Pitching: LHP Chuck McMichael
Batting: RHB Dennis Tiefenthaler 0-0: Ball
1-0: Fly out, F5 (Line Drive, 5, EV 71.9 MPH)
Bottom of the 8th over - 0 runs, 0 hits, 0 errors, 1 left on base; Durango 11 - Port-au-Prince 7
TOP OF THE 9TH
Durango Desert Dogs batting - Pitching for Port-au-Prince Pirates : RHP Scott Farmer
Batting: LHB Dan Graham 0-0: Ball
1-0: Fly out, F6 (Popup, 6S, EV 70.6 MPH)
Batting: SHB Dale Sveum 0-0: Ball
1-0: Foul Ball, location: 2F
1-1: Ball
2-1: Foul Ball, location: 2F
2-2: Foul Ball, location: 2F
2-2: Strikes out swinging
Batting: SHB Raul Gonzalez 0-0: Called Strike
0-1: Fly out, F7 (Line Drive, 7, EV 97.5 MPH)
Top of the 9th over - 0 runs, 0 hits, 0 errors, 0 left on base; Durango 11 - Port-au-Prince 7
BOTTOM OF THE 9TH
Port-au-Prince Pirates batting - Pitching for Durango Desert Dogs : LHP Chuck McMichael
Batting: RHB Ronald Carapezzi 0-0: Foul Ball, location: 2F
0-1: Ball
1-1: Called Strike
1-2: Ball
2-2: Ball
3-2: Foul Ball, location: 2F
3-2: Ground out 4-3 (Groundball, 4D, EV 98.1 MPH)
Batting: RHB Byron Peyton 0-0: Called Strike
0-1: Swinging Strike
0-2: Ball
1-2: Foul Ball, location: 2F
1-2: Strikes out swinging
Batting: SHB Michael Kennedy 0-0: Called Strike
0-1: Swinging Strike
0-2: Ball
1-2: Fly out, F7 (Flyball, 78S, EV 91.9 MPH)
Bottom of the 9th over - 0 runs, 0 hits, 0 errors, 0 left on base; Durango 11 - Port-au-Prince 7
Thursday, June 25th, 2020 - OOTP Baseball 21.4 Build 63